| 
	| TOP OF THE 1ST | 
|---|
 
		| Iowa Cubs batting - Pitching for Sacramento River Cats : RHP John Delaney |  
		| Pitching: RHP John Delaney |  |  
		| Batting: RHB Brian Gargis | 0-0: Swinging Strike 0-1: Ball
 1-1: Foul Ball, location: 2F
 1-2: Strikes out looking
 |  
		| Batting: RHB Frank Caulfield | 0-0: Swinging Strike 0-1:  Fly out, F8  (Line Drive, 8RM, EV 95.6 MPH)
 |  
		| Batting: LHB Wing-tat Tai | 0-0: Called Strike 0-1: Ball
 1-1: Called Strike
 1-2:  Fly out, F2  (Popup, 23F, EV 85.6 MPH)
 |  
		| Top of the 1st over - 0 runs, 0 hits, 0 errors, 0 left on base; Iowa 0 - Sacramento 0 |  
	| BOTTOM OF THE 1ST | 
|---|
 
		| Sacramento River Cats batting - Pitching for Iowa Cubs : LHP Jose Urena |  
		| Pitching: LHP Jose Urena |  |  
		| Batting: LHB Mason Duffy | 0-0:  Fly out, F9  (Flyball, 9D, EV 92.5 MPH) |  
		| Batting: RHB Sterling Acosta | 0-0: Called Strike 0-1: Foul Ball, location: 2F
 0-2: Ball
 1-2: Ball
 2-2: Foul Ball, location: 2F
 2-2: Ball
 3-2:  SOLO HOME RUN  (Flyball, 89XD, EV 113.8 MPH), Distance : 432 ft
 |  
		| Batting: RHB Justin Bonner | 0-0: Ball 1-0: Ball
 2-0: Foul Ball, location: 2F
 2-1: Ball
 3-1: Foul Ball, location: 2F
 3-2: Strikes out swinging
 |  
		| Batting: LHB Dillon Gonzalez | 0-0: Called Strike 0-1: Foul Ball, location: 2F
 0-2: Ball
 1-2:  Fly out, F6  (Popup, 6M, EV 58.1 MPH)
 |  
		| Bottom of the 1st over - 1 run, 1 hit, 0 errors, 0 left on base; Iowa 0 - Sacramento 1 |  
	| TOP OF THE 2ND | 
|---|
 
		| Iowa Cubs batting - Pitching for Sacramento River Cats : RHP John Delaney |  
		| Batting: RHB Brad Santanello | 0-0: Ground out 6-3 (Groundball, 6, EV 93.8 MPH) |  
		| Batting: LHB Angel Oropeza | 0-0: Foul Ball, location: 2F 0-1: Called Strike
 0-2: Ball
 1-2: Foul Ball, location: 2F
 1-2: Ground out 4-3 (Groundball, 4S, EV 88.1 MPH)
 |  
		| Batting: SHB Karl Starnes | 0-0: Ball 1-0: Ball
 2-0: Ball
 3-0: Base on Balls
 |  
		| Batting: RHB Ricardo Aguinaga | 0-0: Ground out 4-3 (Groundball, 34, EV 86.2 MPH) |  
		| Top of the 2nd over - 0 runs, 0 hits, 0 errors, 1 left on base; Iowa 0 - Sacramento 1 |  
	| BOTTOM OF THE 2ND | 
|---|
 
		| Sacramento River Cats batting - Pitching for Iowa Cubs : LHP Jose Urena |  
		| Batting: RHB Jose Rivera | 0-0:  Fly out, F9  (Flyball, 9D, EV 84.4 MPH) |  
		| Batting: LHB Pauli Gassinger | 0-0: Foul Ball, location: 2F 0-1: Called Strike
 0-2: Ball
 1-2: Ball
 2-2: Ground out 3-1 (Groundball, 34S, EV 86.9 MPH)
 |  
		| Batting: RHB Carlos Talavera | 0-0: Ball 1-0: Ball
 2-0: Foul Ball, location: 2F
 2-1: Swinging Strike
 2-2: Ball
 3-2:  Fly out, F7  (Line Drive, 7, EV 93.1 MPH)
 |  
		| Bottom of the 2nd over - 0 runs, 0 hits, 0 errors, 0 left on base; Iowa 0 - Sacramento 1 |  
	| TOP OF THE 3RD | 
|---|
 
		| Iowa Cubs batting - Pitching for Sacramento River Cats : RHP John Delaney |  
		| Batting: RHB Tim Long | 0-0: Foul Ball, location: 2F 0-1: Called Strike
 0-2: Ball
 1-2: Ball
 2-2: Ball
 3-2: Base on Balls
 |  
		| Batting: RHB Josh Asch | 0-0: Reached on error, E4 (Groundball, 4, EV 91.9 MPH) Tim Long to second
 |  
		| Batting: RHB Brian Gargis | 0-0: Swinging Strike 0-1: Ball
 1-1: Ball
 2-1: Ball
 3-1: Base on Balls
 Tim Long to third
 Josh Asch to second
 |  
		| Batting: RHB Frank Caulfield | 0-0: Ball 1-0: Called Strike
 1-1: Ball
 2-1: Foul Ball, location: 2F
 2-2: Ball
 3-2: Strikes out swinging
 |  
		| Batting: LHB Wing-tat Tai | 0-0: Foul Ball, location: 2F 0-1: Swinging Strike
 0-2: Strikes out swinging
 |  
		| Batting: RHB Brad Santanello | 0-0: Swinging Strike 0-1: Ball
 1-1: Swinging Strike
 1-2: Strikes out swinging
 |  
		| Top of the 3rd over - 0 runs, 0 hits, 1 error, 3 left on base; Iowa 0 - Sacramento 1 |  
	| BOTTOM OF THE 3RD | 
|---|
 
		| Sacramento River Cats batting - Pitching for Iowa Cubs : LHP Jose Urena |  
		| Batting: LHB Franklin Quezada | 0-0: Called Strike 0-1: Called Strike
 0-2:  Fly out, F7  (Flyball, 7S, EV 93.8 MPH)
 |  
		| Batting: RHB Steve Jones | 0-0: Ground out 4-3 (Groundball, 4M, EV 107.5 MPH) |  
		| Batting: LHB Mason Duffy | 0-0: Swinging Strike 0-1: Ball
 1-1: SINGLE  (Line Drive, 9S, EV 104.4 MPH)
 |  
		| Pitching: RHP Ryohei Uda |  |  
		| Batting: RHB Sterling Acosta | 0-0: Foul Ball, location: 2F 0-1: Foul Ball, location: 2F
 0-2: DOUBLE  (Flyball, 89XD, EV 102.5 MPH)
 Mason Duffy to third
 Runner from 3rd tries for Home, SAFE, throw by CF to home
 |  
		| Batting: RHB Justin Bonner | 0-0: Ball 1-0: Ball
 2-0: Ball
 3-0: Called Strike
 3-1: Foul Ball, location: 2F
 3-2: Base on Balls
 |  
		| Batting: LHB Dillon Gonzalez | 0-0: Ball 1-0: Ball
 2-0: Foul Ball, location: 2F
 2-1: Foul Ball, location: 2F
 2-2: SINGLE  (Groundball, 34S, EV 66.2 MPH) (infield hit)
 Sterling Acosta to third
 Justin Bonner to second
 |  
		| Batting: RHB Jose Rivera | 0-0: Ball 1-0: Foul Ball, location: 2F
 1-1: Swinging Strike
 1-2: Ball
 2-2: Ball
 3-2: Base on Balls
 Sterling Acosta scores
 Justin Bonner to third
 Dillon Gonzalez to second
 |  
		| Batting: LHB Pauli Gassinger | 0-0: Ball 1-0: Ball
 2-0: Ball
 3-0: Called Strike
 3-1: Base on Balls
 Justin Bonner scores
 Dillon Gonzalez to third
 Jose Rivera to second
 |  
		| Batting: RHB Carlos Talavera | 0-0: Called Strike 0-1: Ball
 1-1: Ball
 2-1: Swinging Strike
 2-2: Ball
 3-2: SINGLE  (Line Drive, 78S, EV 96.2 MPH)
 Dillon Gonzalez scores
 Jose Rivera to third
 Pauli Gassinger to second
 Jose Rivera scores
 Pauli Gassinger to third
 |  
		| Pitching: RHP Nikita Eliseenko |  |  
		| Batting: LHB Franklin Quezada | 0-0: Called Strike 0-1: Ball
 1-1: Ball
 2-1:  Fly out, F7  (Flyball, 7D, EV 108.8 MPH)
 |  
		| Bottom of the 3rd over - 5 runs, 4 hits, 0 errors, 2 left on base; Iowa 0 - Sacramento 6 |  
	| TOP OF THE 4TH | 
|---|
 
		| Iowa Cubs batting - Pitching for Sacramento River Cats : RHP John Delaney |  
		| Batting: LHB Angel Oropeza | 0-0: Called Strike 0-1: DOUBLE  (Line Drive, 8LXD, EV 102.5 MPH)
 |  
		| Batting: SHB Karl Starnes | 0-0: Ball 1-0: Called Strike
 1-1: Called Strike
 1-2: Foul Ball, location: 2F
 1-2: Foul Ball, location: 2F
 1-2: Ground out 6-3 (Groundball, 6M, EV 83.8 MPH)
 Angel Oropeza to third
 |  
		| Batting: RHB Ricardo Aguinaga | 0-0: Ball 1-0: Ball
 2-0: Ball
 3-0: Base on Balls
 |  
		| Batting: RHB Tim Long | 0-0: Called Strike 0-1: Ball
 1-1: Foul Ball, location: 2F
 1-2: Strikes out swinging
 |  
		| Batting: RHB Josh Asch | 0-0: Foul Ball, location: 2F 0-1:  Fly out, F7  (Line Drive, 7S, EV 98.1 MPH)
 |  
		| Top of the 4th over - 0 runs, 1 hit, 0 errors, 2 left on base; Iowa 0 - Sacramento 6 |  
	| BOTTOM OF THE 4TH | 
|---|
 
		| Sacramento River Cats batting - Pitching for Iowa Cubs : RHP Nikita Eliseenko |  
		| Batting: RHB Steve Jones | 0-0: Ball 1-0: Called Strike
 1-1: Foul Ball, location: 2F
 1-2: SINGLE  (Groundball, 25, EV 68.8 MPH) (infield hit)
 |  
		| Batting: LHB Mason Duffy | 0-0: Ball 1-0: Ball
 Steve Jones steals 2nd, throwing error, E2
 Steve Jones to third
 2-0: Foul Ball, location: 2F
 2-1: Foul Ball, location: 2F
 2-2: Ball
 3-2: Base on Balls
 |  
		| Batting: RHB Sterling Acosta | 0-0: Called Strike 0-1: Foul Ball, location: 2F
 0-2: Ball
 1-2: SINGLE  (Groundball, 6MD, EV 95.6 MPH)
 Steve Jones scores
 Mason Duffy to second
 |  
		| Batting: RHB Justin Bonner | 0-0: Ball 1-0: Swinging Strike
 1-1: Swinging Strike
 1-2: Ball
 2-2: Strikes out swinging
 |  
		| Batting: LHB Dillon Gonzalez | 0-0: Ball 1-0:  Fly out, F8  (Flyball, 8RXD, EV 93.1 MPH)
 Runner from 2nd tags up, SAFE at 3rd, no throw by CF
 |  
		| Batting: RHB Jose Rivera | 0-0: Called Strike Sterling Acosta steals 2nd base
 0-1: Ball
 1-1: Ball
 2-1: Foul Ball, location: 2F
 2-2: Ball
 3-2:  Fly out, F8  (Flyball, 89D, EV 98.8 MPH)
 |  
		| Bottom of the 4th over - 1 run, 2 hits, 1 error, 2 left on base; Iowa 0 - Sacramento 7 |  
	| TOP OF THE 5TH | 
|---|
 
		| Iowa Cubs batting - Pitching for Sacramento River Cats : RHP John Delaney |  
		| Batting: RHB Brian Gargis | 0-0: Swinging Strike 0-1: Ball
 1-1: Swinging Strike
 1-2: Ball
 2-2: Ball
 3-2: Foul Ball, location: 2F
 3-2: Base on Balls
 |  
		| Batting: RHB Frank Caulfield | 0-0: Ball 1-0: Foul Ball, location: 2F
 1-1: Ball
 2-1: Swinging Strike
 2-2: Foul Ball, location: 2F
 2-2: Ball
 3-2: Strikes out swinging
 |  
		| Batting: LHB Wing-tat Tai | 0-0: Foul Ball, location: 2F 0-1: Ball
 Brian Gargis steals 2nd base
 1-1: Ball
 2-1: Ball
 3-1: Foul Ball, location: 2F
 3-2: Base on Balls
 |  
		| Batting: RHB Brad Santanello | 0-0: Called Strike 0-1: Foul Ball, location: 2F
 0-2: Ball
 1-2:  Fly out, F5  (Popup, 5L, EV 62.5 MPH)
 |  
		| Batting: LHB Angel Oropeza | 0-0: SINGLE  (Groundball, 34D, EV 101.9 MPH) Brian Gargis to third
 Wing-tat Tai to second
 Runner from 3rd tries for Home, throw by RF and OUT! 9-2
 |  
		| Top of the 5th over - 0 runs, 1 hit, 0 errors, 2 left on base; Iowa 0 - Sacramento 7 |  
	| BOTTOM OF THE 5TH | 
|---|
 
		| Sacramento River Cats batting - Pitching for Iowa Cubs : RHP Nikita Eliseenko |  
		| Batting: LHB Pauli Gassinger | 0-0: SINGLE  (Line Drive, 4D, EV 103.1 MPH) |  
		| Batting: RHB Carlos Talavera | 0-0: Ball Pauli Gassinger steals 2nd, throwing error, E2
 Pauli Gassinger to third
 1-0: Foul Ball, location: 2F
 1-1: Called Strike
 1-2: Ground out 6-3 (Groundball, 6M, EV 103.1 MPH)
 Pauli Gassinger scores
 |  
		| Batting: LHB Franklin Quezada | 0-0: Ball 1-0: DOUBLE  (Flyball, 78D, EV 90.6 MPH)
 |  
		| Batting: RHB Steve Jones | 0-0: Ball 1-0: Ground out U3 (Groundball, 34, EV 84.4 MPH)
 Franklin Quezada to third
 |  
		| Batting: LHB Mason Duffy | 0-0: Ball 1-0: Ball
 2-0: Foul Ball, location: 2F
 2-1: Ball
 3-1: Ground out 5-3 (Groundball, 5L, EV 98.1 MPH)
 |  
		| Bottom of the 5th over - 1 run, 2 hits, 1 error, 1 left on base; Iowa 0 - Sacramento 8 |  
	| TOP OF THE 6TH | 
|---|
 
		| Iowa Cubs batting - Pitching for Sacramento River Cats : RHP John Delaney |  
		| Batting: SHB Karl Starnes | 0-0: Swinging Strike 0-1: Ball
 1-1: Ball
 2-1: Foul Ball, location: 2F
 2-2: Strikes out swinging
 |  
		| Batting: RHB Ricardo Aguinaga | 0-0: Called Strike 0-1: Swinging Strike
 0-2: SINGLE  (Line Drive, 89S, EV 97.5 MPH)
 |  
		| Batting: RHB Tim Long | 0-0: Ball 1-0: Ball
 2-0: Foul Ball, location: 2F
 2-1: SINGLE  (Line Drive, 89S, EV 88.8 MPH)
 Ricardo Aguinaga to second
 Runner from 2nd tries for 3rd, SAFE, throw by RF made to third
 |  
		| Pitching: LHP Jimmy Heinecke |  |  
		| Batting: RHB Josh Asch | 0-0: Ball 1-0: Called Strike
 1-1: Foul Ball, location: 2F
 1-2: SINGLE  (Line Drive, 5D, EV 98.1 MPH)
 Ricardo Aguinaga scores
 Tim Long to second
 |  
		| Batting: RHB Brian Gargis | 0-0: Called Strike 0-1: Called Strike
 0-2: Strikes out swinging
 |  
		| Batting: RHB Frank Caulfield | 0-0: Ground out 4-3 (Groundball, 4, EV 90.0 MPH) |  
		| Top of the 6th over - 1 run, 3 hits, 0 errors, 2 left on base; Iowa 1 - Sacramento 8 |  
	| BOTTOM OF THE 6TH | 
|---|
 
		| Sacramento River Cats batting - Pitching for Iowa Cubs : RHP Nikita Eliseenko |  
		| Batting: RHB Sterling Acosta | 0-0: Called Strike 0-1: Ball
 1-1: Swinging Strike
 1-2: Strikes out swinging
 |  
		| Batting: RHB Justin Bonner | 0-0: Ball 1-0: Called Strike
 1-1: Called Strike
 1-2: Ball
 2-2: Foul Ball, location: 2F
 2-2: Strikes out looking
 |  
		| Batting: LHB Dillon Gonzalez | 0-0: Called Strike 0-1: Ball
 1-1:  Fly out, F5  (Popup, 25, EV 80.6 MPH)
 |  
		| Bottom of the 6th over - 0 runs, 0 hits, 0 errors, 0 left on base; Iowa 1 - Sacramento 8 |  
	| TOP OF THE 7TH | 
|---|
 
		| Iowa Cubs batting - Pitching for Sacramento River Cats : LHP Jimmy Heinecke |  
		| Batting: LHB Wing-tat Tai | 0-0: Ground out 5-3 (Groundball, 5, EV 90.0 MPH) |  
		| Pinch Hitting: RHB Khalil Stephens | 0-0: Ball 1-0:  Fly out, F7  (Line Drive, 78M, EV 102.5 MPH)
 |  
		| Batting: LHB Angel Oropeza | 0-0: Ball 1-0: Foul Ball, location: 2F
 1-1: Foul Ball, location: 2F
 1-2: Ball
 2-2: Foul Ball, location: 2F
 2-2: Ball
 3-2: SINGLE  (Groundball, 25, EV 68.1 MPH) (infield hit)
 |  
		| Batting: SHB Karl Starnes | 0-0: Ball 1-0: Called Strike
 1-1: Ball
 2-1:  Fly out, F4  (Popup, 4, EV 80.6 MPH)
 |  
		| Top of the 7th over - 0 runs, 1 hit, 0 errors, 1 left on base; Iowa 1 - Sacramento 8 |  
	| BOTTOM OF THE 7TH | 
|---|
 
		| Sacramento River Cats batting - Pitching for Iowa Cubs : RHP Nikita Eliseenko |  
		| Now at SS: Khalil Stephens |  |  
		| Pinch Hitting: RHB Frank Pena | 0-0: Ball 1-0: Foul Ball, location: 2F
 1-1: Swinging Strike
 1-2: Strikes out swinging
 |  
		| Pitching: RHP Gavrel Godziashvili |  |  
		| Pinch Hitting: LHB Joe Hoover | 0-0: Foul Ball, location: 2F 0-1: Ball
 1-1: Called Strike
 1-2: Strikes out swinging
 |  
		| Batting: RHB Carlos Talavera | 0-0: Ball 1-0: Foul Ball, location: 2F
 1-1:  Fly out, F7  (Flyball, 7, EV 91.2 MPH)
 |  
		| Bottom of the 7th over - 0 runs, 0 hits, 0 errors, 0 left on base; Iowa 1 - Sacramento 8 |  
	| TOP OF THE 8TH | 
|---|
 
		| Iowa Cubs batting - Pitching for Sacramento River Cats : LHP Jimmy Heinecke |  
		| Now at 1B: Frank Pena |  |  
		| Now in LF: Franklin Quezada |  |  
		| Now in CF: Joe Hoover |  |  
		| Batting: RHB Ricardo Aguinaga | 0-0: Ball 1-0: Ball
 2-0: Ball
 3-0: Base on Balls
 |  
		| Batting: RHB Tim Long | 0-0: Ball 1-0: Ball
 2-0: Ball
 3-0: Called Strike
 3-1: Base on Balls
 Ricardo Aguinaga to second
 |  
		| Pitching: RHP Chad Steffee |  |  
		| Batting: RHB Josh Asch | 0-0: Called Strike 0-1: Ball
 1-1: Fielders Choice at 2nd, 1-6 (Groundball, 13, EV 61.9 MPH)
 Ricardo Aguinaga to third
 |  
		| Batting: RHB Brian Gargis | 0-0: Called Strike 0-1: SINGLE  (Line Drive, 34, EV 94.4 MPH)
 Ricardo Aguinaga scores
 Josh Asch to second
 |  
		| Batting: RHB Frank Caulfield | 0-0: Called Strike 0-1: Ball
 1-1: Called Strike
 1-2: SINGLE  (Groundball, 25, EV 71.9 MPH) (infield hit)
 Josh Asch to third
 Brian Gargis to second
 |  
		| Batting: LHB Wing-tat Tai | 0-0: Called Strike 0-1: Ball
 1-1: Swinging Strike
 1-2: Foul Ball, location: 2F
 1-2: Ball
 2-2: SINGLE  (Groundball, 4MD, EV 98.8 MPH)
 Josh Asch scores
 Brian Gargis to third
 Frank Caulfield to second
 Runner from 3rd tries for Home, SAFE, throw by CF to home
 |  
		| Batting: RHB Khalil Stephens | 0-0: Swinging Strike 0-1: Ball
 1-1:  Fly out, F8  (Line Drive, 8RD, EV 103.8 MPH)
 |  
		| Batting: LHB Angel Oropeza | 0-0: Ground out U3 (Groundball, 34S, EV 93.8 MPH) |  
		| Top of the 8th over - 3 runs, 3 hits, 0 errors, 2 left on base; Iowa 4 - Sacramento 8 |  
	| BOTTOM OF THE 8TH | 
|---|
 
		| Sacramento River Cats batting - Pitching for Iowa Cubs : RHP Gavrel Godziashvili |  
		| Batting: LHB Franklin Quezada | 0-0: Called Strike 0-1: SINGLE  (Groundball, 4MD, EV 98.1 MPH)
 |  
		| Batting: RHB Steve Jones | 0-0: Ball 1-0: Ball
 Franklin Quezada steals 2nd base (no throw)
 2-0: Swinging Strike
 2-1: Ball
 3-1: Foul Ball, location: 2F
 3-2: Foul Ball, location: 2F
 3-2:  Fly out, F9  (Flyball, 9D, EV 95.0 MPH)
 Runner from 2nd tags up, SAFE at 3rd, no throw by RF
 |  
		| Batting: LHB Mason Duffy | 0-0: Ball 1-0: Ball
 2-0: Ball
 3-0: Called Strike
 3-1: Swinging Strike
 3-2: Base on Balls
 |  
		| Batting: RHB Sterling Acosta | 0-0: Swinging Strike 0-1: Called Strike
 0-2: Strikes out swinging
 |  
		| Batting: RHB Justin Bonner | 0-0: Foul Ball, location: 2F 0-1: SINGLE  (Line Drive, 7S, EV 95.0 MPH)
 Franklin Quezada scores
 Mason Duffy to second
 |  
		| Pitching: RHP Carlos Dominguez |  |  
		| Batting: LHB Dillon Gonzalez | 0-0: Swinging Strike 0-1: Swinging Strike
 0-2: Ball
 1-2: Ball
 2-2: Ball
 3-2: Ground out 6-3 (Groundball, 6, EV 80.6 MPH)
 |  
		| Bottom of the 8th over - 1 run, 2 hits, 0 errors, 2 left on base; Iowa 4 - Sacramento 9 |  
	| TOP OF THE 9TH | 
|---|
 
		| Iowa Cubs batting - Pitching for Sacramento River Cats : RHP Chad Steffee |  
		| Batting: SHB Karl Starnes | 0-0: Foul Ball, location: 2F 0-1: Called Strike
 0-2: Foul Ball, location: 2F
 0-2: Ball
 1-2: Foul Ball, location: 2F
 1-2: Foul Ball, location: 2F
 1-2: Strikes out looking
 |  
		| Batting: RHB Ricardo Aguinaga | 0-0: Called Strike 0-1: Foul Ball, location: 2F
 0-2: Ball
 1-2: Ball
 2-2: Strikes out looking
 |  
		| Batting: RHB Tim Long | 0-0: Called Strike 0-1: Ground out 6-3 (Groundball, 6, EV 108.1 MPH)
 |  
		| Top of the 9th over - 0 runs, 0 hits, 0 errors, 0 left on base; Iowa 4 - Sacramento 9 |  |